 Dungeon Crawl Stone Soup version 0.30.0 (webtiles) character file.

Game seed: 7666647414072686912

829 GloriousHammer the Chiller (level 7, 0/71 HPs)
             Began as an Ogre Ice Elementalist on May 6, 2023.
             Succumbed to a killer bee's poison
             ... on level 8 of the Dungeon on May 7, 2023.
             The game lasted 00:13:08 (6167 turns).

GloriousHammer the Chiller (Ogre Ice Elementalist)  Turns: 6167, Time: 00:13:08

Health: 0/71       AC:  3    Str: 13    XL:     7   Next: 97%
Magic:  11/14      EV: 10    Int: 18    God:
Gold:   301        SH:  0    Dex:  9    Spells: 4/15 levels left

rFire   . . .        q - +0 whip
rCold   . . .        (no shield)
rNeg    . . .        a - +0 robe
rPois   .            (helmet restricted)
rElec   .            (no cloak)
rCorr   .            (gloves unavailable)
SInv    .            (boots unavailable)
Will    .....        (no amulet)
Stlth   +            (no ring)
HPRegen 0.31/turn    (no ring)
MPRegen 0.14/turn

%: no passive effects
@: lethally poisoned (0 -> -8)
A: large, unfitting armour, tough skin 1
a: no special abilities


You were on level 8 of the Dungeon.
You visited 2 branches of the dungeon, and saw 7 of its levels.

You collected 301 gold pieces.

Inventory:

Hand Weapons
 j - a +0 sling
 o - a +0 war axe
 q - a +0 whip (weapon)
Missiles
 g - 2 curare-tipped darts (quivered)
 n - 38 stones
 t - 3 atropa-tipped darts
Armour
 a - a +0 robe (worn)
Scrolls
 c - a scroll of fear
 d - a scroll of teleportation
 f - a scroll of enchant armour {unknown}
 k - a scroll of vulnerability {unknown}
 l - 3 scrolls of blinking
 u - a scroll of fog {unknown}
 v - a scroll of summoning {unknown}
 w - a scroll of immolation {unknown}
 x - a scroll of amnesia {unknown}
Potions
 b - a potion of magic
 e - a potion of attraction
 p - a potion of berserk rage
 s - a potion of degeneration {unknown}
 z - a potion of heal wounds {unknown}


   Skills:
 + Level 4.9 Fighting
 + Level 3.0 Throwing
 + Level 3.3 Dodging
 - Level 1.4 Stealth
 + Level 4.7 Spellcasting
 + Level 1.5 Summonings
 + Level 5.4 Ice Magic


You had 4 spell levels left.
You knew the following spells:

 Your Spells              Type           Power      Damage    Failure   Level
a - Freeze                Ice            92%        1d9       1%          1
b - Frozen Ramparts       Ice            46%        1d7       4%          3
c - Ozocubu's Armour      Ice            23%        N/A       4%          3
d - Summon Ice Beast      Ice/Summ       16%        N/A       32%         4

Your spell library contained the following spells:

 Spells                   Type           Power      Damage    Failure   Level
 Cigotuvi's Dreadful Rot  Necr/Pois/Air  8%         N/A       21%         2
 Ignite Poison            Fire/Tmut/Pois 4%         N/A       38%         3
 Freezing Cloud           Conj/Ice/Air   5%         6-21      88%         5


Dungeon Overview and Level Annotations

Branches:
Dungeon (8/15)             Temple (1/1) D:4
   Lair: D:8-11

Altars:
Ashenzari
Cheibriados
Dithmenos
Fedhas
Gozag
Hepliaklqana
Kikubaaqudgha
Makhleb
Nemelex Xobeh
Okawaru
Qazlal
Ru
Trog
Uskayaw
Vehumet
Wu Jian
Xom
Yredelemnul
Zin
The Shining One


Innate Abilities, Weirdness & Mutations

You are too large for most types of armour.
You have tough skin. (AC +1)


Message History

A sourceless malevolence fills the Dungeon...
You fall into a shaft and drop 3 floors!
The shaft crumbles and collapses.
Found 10 gold pieces.
Found a stone staircase leading down.
Found a ring mail.
You now have 301 gold pieces (gained 10).
Blink to where?
Press: ? - help, Dir - move target
As you read the scroll labelled MIOZOP IPHEDIU, it crumbles to dust.
It was a scroll of blinking.
As you read the scroll labelled PIKLIMP GEGAKK, it crumbles to dust.
It is a scroll of identify.
c - 2 scrolls of fear;
I - 3 scrolls of identify
As you read the scroll of identify, it crumbles to dust.
d - a scroll of teleportation
As you read the scroll of identify, it crumbles to dust.
e - a potion of attraction
As you read the scroll of identify, it crumbles to dust.
p - a potion of berserk rage
Okay, then.
A centaur comes into view.
The centaur shouts!
You hear a roar!
You hear a shout!
The centaur wields a +0 shortbow.
The centaur shoots an arrow.
The arrow closely misses you.
You hear an angry buzzing noise.
A gnoll sergeant comes into view. It is wielding a +2 spear of pain.
The centaur shoots an arrow.
The arrow hits you.
The centaur shoots an arrow.
The arrow hits you!
The centaur shoots an arrow.
The arrow barely misses you.
The centaur shoots an arrow.
The arrow hits you!
Casting: Ozocubu's Armour (dangerous; 4% risk of failure)
Confirm with . or Enter, or press ? or * to list all spells.
Casting: Frozen Ramparts (dangerous; 4% risk of failure)
Press: ? - help, Dir - look around, f - activate The walls around you are covered in ice.
The wall freezes the centaur.
The centaur shoots an arrow.
The arrow hits you.
Casting: Frozen Ramparts (dangerous; 4% risk of failure)
Confirm with . or Enter, or press ? or * to list all spells.
A film of ice covers your body!
The wall freezes the centaur.
The centaur shoots an arrow.
The arrow completely misses you.
The wall freezes the centaur.
The centaur shoots an arrow.
The arrow hits you.
You hear an angry buzzing noise.
You hear two shouts!
The wall freezes the centaur.
The centaur shoots an arrow.
The arrow barely misses you.
The wall freezes the centaur but does no damage.
The centaur shoots an arrow.
The arrow hits you but does no damage.
The wall freezes the centaur.
The centaur shoots an arrow.
The arrow hits you.
A killer bee comes into view.
The killer bee buzzes angrily.
The wall freezes the centaur.
The centaur shoots an arrow.
The arrow hits you.
The wall freezes the centaur.
The centaur shoots an arrow.
The arrow hits you!
The wall freezes the centaur.
The centaur shoots an arrow.
The arrow barely misses you.
The frozen ramparts melt away.
The centaur shoots an arrow.
The arrow hits you!
* * * LOW HITPOINT WARNING * * *
Casting: Ozocubu's Armour (dangerous; 4% risk of failure)
Confirm with . or Enter, or press ? or * to list all spells.
Casting: Frozen Ramparts (dangerous; 4% risk of failure)
Press: ? - help, Dir - look around, f - activate The walls around you are covered in ice.
The wall freezes the centaur.
The centaur shoots an arrow.
The arrow barely misses you.
The wall freezes the centaur but does no damage.
The centaur shoots an arrow.
The arrow closely misses you.
The wall freezes the centaur.
The centaur shoots an arrow.
The arrow barely misses you.
Unknown command.
The wall freezes the centaur.
You kill the centaur!
The wall freezes the killer bee.
Okay, then.
As you read the scroll of fear, it crumbles to dust.
You assume a fearsome visage.
The gnoll sergeant looks frightened!
The killer bee looks frightened!
The wall freezes the killer bee.
Your attack snaps the killer bee out of its fear.
The killer bee stings you.
* * * LOW HITPOINT WARNING * * *
The wall freezes the gnoll sergeant but does no damage.
The wall freezes the killer bee but does no damage.
The killer bee stings you but does no damage.
Throw: 2 darts (poison)
Press: ? - help, Q - select action, (/) - cycle Shift-Dir - straight line, f - killer bee
Aim: a killer bee (lightly wounded, 26% to hit)
You throw a poisoned dart.
The poisoned dart barely misses the killer bee.
The wall freezes the killer bee.
The killer bee stings you.
* * * LOW HITPOINT WARNING * * *
Throw: dart (poison)
Press: ? - help, Q - select action, (/) - cycle Shift-Dir - straight line, f/p - killer bee
Aim: a killer bee (moderately wounded, 26% to hit)
You throw a poisoned dart.
The poisoned dart misses the killer bee.
The wall freezes the killer bee.
The killer bee stings you but does no damage.
The wall freezes the killer bee.
The killer bee stings you.
* * * LOW HITPOINT WARNING * * *
You miss the killer bee.
The killer bee is severely wounded.
The wall freezes the killer bee.
The killer bee stings you but does no damage.
The wall freezes the killer bee.
The killer bee stings you.
* * * LOW HITPOINT WARNING * * *
You are poisoned.
The killer bee poisons you!
You hit the killer bee.
You kill the killer bee!
You feel sick.
Unknown command.
Your icy armour cracks and falls away as you move.
The frozen ramparts melt away as you move.
You feel sick.
You feel sick.
You feel sick.
You feel sick.
You feel sick.
You are no longer poisoned.
You start resting.
An orc wizard comes into view. It is wielding a +0 dagger.
The orc wizard shouts!
You hear a bellow!
You hear a shout! x2
The orc wizard casts a spell at you. The puff of flame hits you.
* * * LOW HITPOINT WARNING * * *
Casting: Frozen Ramparts (dangerous; 4% risk of failure)
Confirm with . or Enter, or press ? or * to list all spells.
Casting: Frozen Ramparts (dangerous; 4% risk of failure)
Press: ? - help, Dir - look around, f - activate
Okay, then.
Casting: Frozen Ramparts (dangerous; 4% risk of failure)
Confirm with . or Enter, or press ? or * to list all spells.
Casting: Frozen Ramparts (dangerous; 4% risk of failure)
Press: ? - help, Dir - look around, f - activate The walls around you are covered in ice.
The wall freezes the orc wizard.
You hit the orc wizard.
The orc wizard is heavily wounded.
The wall freezes the orc wizard.
The orc wizard drinks a potion.
The orc wizard is healed!
You hit the orc wizard but do no damage.
The orc wizard is lightly wounded.
The wall freezes the orc wizard but does no damage.
The orc wizard hits you with a +0 dagger.
* * * LOW HITPOINT WARNING * * *
You hit the orc wizard but do no damage.
The orc wizard is lightly wounded.
The wall freezes the orc wizard!
The orc wizard hits you with a +0 dagger.
* * * LOW HITPOINT WARNING * * *
You hit the orc wizard.
The orc wizard is almost dead.
The wall freezes the orc wizard.
You kill the orc wizard!
Your Throwing skill increases to level 3!
You start resting.
The frozen ramparts melt away.
You start resting.
A yak comes into view.
You start resting.
Magic restored.
You start resting.
A gnoll sergeant comes into view. It is wielding a +0 trident.
A killer bee comes into view.
You see here a killer bee corpse.
The killer bee buzzes angrily.
You hear a shout! x4
The killer bee barely misses you. The killer bee stings you!
You are poisoned.
The killer bee poisons you!
You feel sick. The killer bee completely misses you.
Casting: Frozen Ramparts (dangerous; 4% risk of failure)
Confirm with . or Enter, or press ? or * to list all spells.
Casting: Frozen Ramparts (dangerous; 4% risk of failure)
Press: ? - help, Dir - look around, f - activate The walls around you are covered in ice.
You feel sick.
The wall freezes the killer bee but does no damage.
The killer bee stings you.
* * * LOW HITPOINT WARNING * * *
The wall freezes the killer bee.
The killer bee stings you.
* * * LOW HITPOINT WARNING * * *
It was a potion of flight.
You feel very buoyant.
You fly up into the air.
You feel sick.
The wall freezes the killer bee.
The killer bee closely misses you.
The wall freezes the killer bee.
The killer bee barely misses you.
You barely miss the killer bee.
The killer bee is heavily wounded.
You feel sick.
The wall freezes the killer bee.
The killer bee stings you.
* * * LOW HITPOINT WARNING * * *
You are lethally poisoned!
The killer bee poisons you!
The wall freezes the killer bee.
The killer bee completely misses you.
The wall freezes the killer bee but does no damage.
The killer bee stings you.
* * * LOW HITPOINT WARNING * * *
It was a potion of cancellation.
Your magical effects are unravelling.
You feel magically purged.
You float gracefully downwards.
The frozen ramparts melt away.
You die...

######### ###
........########.#
.................#
.>.......#######.#
.........# #.#
.....[...# #.#
.........# #@#
.........# #y#
.........# #.#
#+##+###.#######.######
# #.#.(.....†....# +
#.#.#####)####.# #
..........##.# .
.#..###.#.##.# ..
..........c#.#


You could see a killer bee.

Vanquished Creatures
  Sigmund (D:5)
  A centaur (D:8)
  A killer bee (D:8)
  A vampire bat (D:3)
  2 hounds
  3 jellies
  2 orc priests
  A sleepcap (D:5)
  An iguana (D:4)
  2 orc wizards
  2 adders
  2 white imps (D:5)
  An ufetubus (D:5)
  2 worms
  4 dart slugs
  3 fire bats (D:3)
  7 orcs
  2 spectral bats (D:3)
  16 bats
  3 bat skeletons (D:3)
  A bat zombie (D:3)
  6 endoplasms
  A giant cockroach (D:2)
  6 goblins
  4 hobgoblins
  7 kobolds
  4 quokkas
  7 ball pythons
  A bat simulacrum (D:3)
  4 frilled lizards
  6 rats
104 creatures vanquished.

Vanquished Creatures (others)
  2 plants (D:1)
  9 toadstools (D:3)
11 creatures vanquished.

Grand Total: 115 creatures vanquished

Notes
Turn   | Place    | Note
-------+----------+-------------------------------------------
     0 | D:1      | GloriousHammer the Ogre Ice Elementalist began the quest
                  | for the Orb.
     0 | D:1      | Reached XP level 1. HP: 16/16 MP: 3/3
   187 | D:1      | Reached XP level 2. HP: 26/26 MP: 3/5
   209 | D:1      | Reached skill level 1 in Fighting
   403 | D:1      | Reached skill level 4 in Ice Magic
   497 | D:1      | Reached XP level 3. HP: 33/33 MP: 4/7
   589 | D:1      | Learned a level 3 spell: Frozen Ramparts
   593 | D:1      | Learned a level 3 spell: Ozocubu's Armour
  1390 | D:2      | Reached XP level 4. HP: 29/42 MP: 3/8
  2377 | D:3      | Reached XP level 5. HP: 15/50 MP: 0/10
  2847 | D:3      | Reached skill level 1 in Throwing
  3144 | D:3      | Reached XP level 6. HP: 61/61 MP: 1/11
  3810 | D:4      | Found a staircase to the Ecumenical Temple.
  3866 | Temple   | Entered the Ecumenical Temple
  4559 | D:4      | Reached skill level 5 in Ice Magic
  4832 | D:4      | Learned a level 4 spell: Summon Ice Beast
  4840 | D:5      | Entered Level 5 of the Dungeon
  5049 | D:5      | Reached XP level 7. HP: 64/70 MP: 9/13
  5245 | D:5      | Noticed Sigmund
  5598 | D:5      | Killed Sigmund
  5599 | D:5      | Reached skill level 1 in Summonings
  5983 | D:5      | You fall into a shaft and drop 3 floors!
  6101 | D:8      | Noticed a yak
  6166 | D:8      | HP: 2/71 [killer bee (2)]
  6167 | D:8      | Succumbed to a killer bee's poison

Illustrated notes

Levels and vault maps discovered:
D:1:      eino_arrival_druids_welcome, layout_rooms
D:2:      layout_basic
D:3:      cheibrodos_fertilizer, layout_loops_cross, goddamned_bats
D:4:      layout_loops_ring, minmay_temple_entry_mini_moons, kennysheep_doodads
D:5:      layout_loops_ring, uniq_sigmund
D:8:      argonaut_augean_stables, layout_basic, mainiacjoe_overflow_alcove_1,
          nicolae_elyvilon_peaceful_grove, minmay_fractal_squares_5
Temple:   nicolae_temple_slightly_damp_pantheon

Skill      XL: |  1  2  3  4  5  6  7 |
---------------+----------------------+-----
Fighting       | 1 2 3 4 |  4.9
Ice Magic      | 4 5 |  5.4
Spellcasting   | 3 4 |  4.7
Dodging        | 2 3 |  3.3
Throwing       | 1 2 3 |  3.0
Summonings     | 1 |  1.5
Stealth        | |  1.4

Action                     |  1- 3 |  4- 6 |  7- 9 || total
---------------------------+-------+-------+-------++-------
  Melee: Unarmed           |     4 |       |       ||     4
         Dagger            |    52 |    16 |       ||    68
         War axe           |       |    15 |       ||    15
         Whip              |       |    80 |    39 ||   119
         Punch             |       |     1 |     1 ||     2
  Throw: Dart              |       |       |     4 ||     4
   Cast: Freeze            |    55 |     6 |       ||    61
         Frozen Ramparts   |     1 |    24 |     9 ||    34
         Ozocubu's Armour  |       |    11 |     5 ||    16
    Use: Potion            |       |     1 |     2 ||     3
         Scroll            |       |       |     6 ||     6
   Stab: Sleeping          |     3 |     1 |       ||     4
         Distracted        |       |     1 |       ||     1
 Armour: Robe              |    29 |   113 |    22 ||   164
         Skin              |       |     3 |       ||     3
  Dodge: Dodged            |    50 |   124 |    60 ||   234
